 Dungeon Crawl Stone Soup version 0.26.0-7-g794d0892b4 (webtiles) character file.

Game seed: 6493195331964000986

5434 jackrogers the Basher (level 10, -6/92 HPs)
             Began as an Ogre Fighter on Jan 11, 2021.
             Was the Champion of Okawaru.
             Mangled by a warg (17 damage)
             ... on level 8 of the Dungeon.
             The game lasted 00:13:14 (12197 turns).

jackrogers the Basher (Ogre Fighter)               Turns: 12197, Time: 00:13:15

Health: -6/92      AC:  5    Str: 25    XL:     10   Next: 68%
Magic:  3/3        EV: 14    Int:  9    God:    Okawaru [******]
Gold:   457        SH: 12    Dex:  8    Spells: 9/9 levels left

rFire    . . .     SeeInvis .   L - +0 morningstar (antimagic)
rCold    . . .     Faith    +   c - +1 kite shield
rNeg     . . .     Spirit   .   b - +0 robe
rPois    .         Reflect  .   M - +2 hat
rElec    .         Harm     .   (no cloak)
rCorr    .         Rampage  .   (gloves unavailable)
Will     +....                  (boots unavailable)
Stlth    +.........             G - amulet of faith {Faith, !P}
HPRegen  0.25/turn              p - ring of flight {+Fly, !d}
MPRegen  0.08/turn              q - +4 ring of evasion

@: lethally poisoned (-6 -> -10)
A: large, unfitting armour, tough skin 1
a: Renounce Religion, Evoke Flight, Heroism, Finesse


You were on level 8 of the Dungeon.
You worshipped Okawaru.
Okawaru was exalted by your worship.
You visited 2 branches of the dungeon, and saw 10 of its levels.

You collected 457 gold pieces.

Inventory:

Hand Weapons
 a - a +1 flail
 u - the +5 long sword of Contention {flame, *Rage rPois Int+3}
   (You found it on level 4 of the Dungeon)

   It has been specially enchanted to burn those struck by it, causing extra
   injury to most foes and up to half again as much damage against particularly
   susceptible opponents.
   Big, fiery blades are also staple armaments of hydra-hunters.
   It affects your intelligence (+3).
   It protects you from poison.
   It may make you go berserk in combat.
 x - a +0 giant spiked club
   (You took it off an ogre on level 5 of the Dungeon)
 D - a +0 trident
   (You took it off an orc priest on level 7 of the Dungeon)
 L - a +0 antimagic morningstar (weapon)
   (You found it on level 7 of the Dungeon)
Missiles
 k - 308 stones (quivered)
 n - 7 poisoned darts
 o - 20 boomerangs
 z - 5 javelins
 F - 2 boomerangs of dispersal {=f}
 I - a throwing net {=f, !d}
 K - 4 large rocks {!d}
Armour
 b - a +0 robe (worn)
 c - a +1 kite shield (worn)
 M - a +2 hat (worn)
   (You took it off Gastronok on level 8 of the Dungeon)
Jewellery
 p - a ring of flight (left hand) {+Fly, !d}
   (You found it on level 3 of the Dungeon)
 q - a +4 ring of evasion (right hand)
   (You found it on level 4 of the Dungeon)
 G - an amulet of faith (around neck) {Faith, !P}
   (You found it on level 8 of the Dungeon)
 J - an uncursed amulet of regeneration {unknown}
   (You found it on level 7 of the Dungeon)
Wands
 v - a wand of iceblast (11)
   (You found it on level 5 of the Dungeon)
 H - a wand of disintegration (10)
   (You took it off a big kobold on level 7 of the Dungeon)
Scrolls
 f - 6 scrolls of teleportation
 l - 3 scrolls of fear
 r - 2 scrolls of enchant armour
 s - 2 scrolls of enchant weapon
 t - a scroll of remove curse
 w - a scroll of summoning
 y - a scroll of identify
 E - a scroll of blinking {!r}
Potions
 d - 2 potions of might
 e - 2 potions of ambrosia
 g - 3 potions of degeneration {!q}
 h - a potion of attraction {unknown}
 i - 5 potions of brilliance
 j - a potion of mutation {!q}
 m - a potion of flight
 A - a potion of cancellation {unknown}
 B - 2 potions of lignification {unknown}
 C - a potion of haste {unknown}


   Skills:
 - Level 4.0 Fighting
 * Level 11.6 Maces & Flails
 - Level 2.6 Dodging
 + Level 8.7 Shields


You had 9 spell levels left.
You didn't know any spells.
Your spell library contained the following spells:

 Spells                   Type           Power        Failure   Level
 Magic Dart               Conj           0%           38%         1
 Searing Ray              Conj           0%           54%         2
 Confusing Touch          Hex            0%           77%         3
 Dazzling Flash           Conj/Hex       0%           77%         3
 Gell's Gravitas          Tloc           0%           77%         3
 Fulminant Prism          Conj/Hex       0%           99%         4
 Iskenderun's Mystic Bla  Conj/Tloc      0%           99%         4
 Petrify                  Tmut/Erth      0%           99%         4
 Metabolic Englaciation   Hex/Ice        0%           100%        5
 Yara's Violent Unravell  Hex/Tmut       0%           100%        5


Dungeon Overview and Level Annotations

Branches:
Dungeon (9/15)             Temple (1/1) D:4            Lair (0/6) D:8
    Orc: D:9-12

Altars:
Cheibriados
Elyvilon
Gozag
Kikubaaqudgha
Makhleb
Nemelex Xobeh
Okawaru
Qazlal
Sif Muna
Trog
Uskayaw
Xom
Yredelemnul
Zin
The Shining One

Shops:
D:4 *

Annotations:
D:8 Harold


Innate Abilities, Weirdness & Mutations

You are too large for most types of armour.
You have tough skin. (AC +1)


Message History

You kill the killer bee!
Okawaru accepts your kill. You block the killer bee's attack.
You barely miss the killer bee. The killer bee misses you.
You block the killer bee's attack.
Spoiler Alert: The killer bee is very fast and can poison!
You miss the killer bee. The killer bee barely misses you.
The killer bee stings you but does no damage.
You closely miss the killer bee. The killer bee stings you!
The killer bee misses you.
You hit the killer bee. You block the killer bee's attack.
You hit the killer bee but do no damage.
The killer bee closely misses you. x3
Spoiler Alert: The killer bee is very fast and can poison!
You puncture the killer bee! You block the killer bee's attack.
The killer bee stings you.
You miss the killer bee. You block the killer bee's attack.
You closely miss the killer bee. You block the killer bee's attack.
The killer bee barely misses you.
You miss the killer bee. You block the killer bee's attack.
The killer bee closely misses you.
Spoiler Alert: The killer bee is very fast and can poison!
You hit the killer bee.
You kill the killer bee!
Okawaru accepts your kill.
There is a stone staircase leading down, spattered with blood here.
You start resting.
You climb downwards.
Level annotation: Harold
There is a stone staircase leading up, spattered with blood here.
Things that are here:
a +0 robe; a +0 dagger; an orc skeleton
Things that are here:
a +0 leather armour; a +0 club; an orc skeleton
Things that are here:
a +0 flail; an orc skeleton A killer bee is nearby!
Spoiler Alert: The killer bee (wandering) is very fast and can poison!
A killer bee is nearby!
Spoiler Alert: The killer bee (wandering) is very fast and can poison!
Unknown command.
Spoiler Alert: The killer bee (wandering) is very fast and can poison!
The killer bee buzzes angrily.
Spoiler Alert: The killer bee is very fast and can poison!
You miss the killer bee. The killer bee completely misses you.
Warning x2: The killer bee is very fast and can poison!
The warg (wandering) is fast and can hit for moderate damage in melee!
You barely miss the killer bee.
The warg howls!
You block the killer bee's attack.
The killer bee stings you but does no damage.
Warning x2: The killer bee is very fast and can poison!
The warg is fast and can hit for moderate damage in melee!
You miss the killer bee. You block the killer bee's attack.
The killer bee stings you.
Warning x2: The killer bee is very fast and can poison!
The warg is fast and can hit for moderate damage in melee!
You barely miss the killer bee. You block the killer bee's attack.
The killer bee barely misses you.
Warning x2: The killer bee is very fast and can poison!
The warg is fast and can hit for moderate damage in melee!
You miss the killer bee. You block the killer bee's attack.
The killer bee closely misses you.
Warning x2: The killer bee is very fast and can poison!
The warg is fast and can hit for moderate damage in melee!
You closely miss the killer bee. The killer bee stings you.
You are poisoned.
The killer bee poisons you! The killer bee stings you.
You are more poisoned.
The killer bee poisons you!
Warning x2: The killer bee is very fast and can poison!
The warg is fast and can hit for moderate damage in melee!
You closely miss the killer bee.
You feel sick. The killer bee stings you.
You are more poisoned.
The killer bee poisons you!
Warning x2: The killer bee is very fast and can poison!
The warg is fast and can hit for moderate damage in melee!
You completely miss the killer bee.
You feel sick. The killer bee stings you. The killer bee closely misses you.
You closely miss the killer bee.
You feel sick. You block the killer bee's attack. The killer bee stings you.
Warning x2: The killer bee is very fast and can poison!
The warg is fast and can hit for moderate damage in melee!
You closely miss the killer bee.
You feel sick. The killer bee stings you. You block the killer bee's attack.
You hit the killer bee.
You feel sick. The killer bee closely misses you.
The killer bee barely misses you.
Warning x2: The killer bee is very fast and can poison!
The warg is fast and can hit for moderate damage in melee!
You puncture the killer bee!
You feel sick. You block the killer bee's attack.
The killer bee barely misses you.
You sock the killer bee!
You kill the killer bee!
Okawaru accepts your kill.
You feel sick. You block the warg's attack.
Spoiler Alert: The warg is fast and can hit for moderate damage in melee!
You barely miss the warg.
You feel sick. You block the warg's attack.
You hit the warg but do no damage.
You feel sick. The warg bites you!
You closely miss the warg. The warg bites you!
You closely miss the warg.
You feel sick.
The warg pauses to sniff the ground.
You block the warg's attack. The warg bites you!
Spoiler Alert: The warg is fast and can hit for moderate damage in melee!
You closely miss the warg.
You feel sick. The warg completely misses you.
You hit the warg but do no damage.
You feel sick. The warg bites you!
* * * LOW HITPOINT WARNING * * *
You barely miss the warg.
You feel sick. You block the warg's attack.
You barely miss the warg. The warg bites you!
You die...

##......## ...... ##........##
#..P... #..........# ..$....
##..........# #.......
#...........##.....>.....
##.......................#
..............##h........# ###
.......<.......@#.......#.....#
##...............#.......#.....#
#................##.....# ......
#.#.....#.....)[[###...###......
................[.............#
..#.⌠.⌠.#.##....##....[......#
..........#...[#####........## .
..#.....#.....## ###......#...
....._.......###### ##.........


You could see a warg.

Vanquished Creatures
  Gastronok (D:8)
  Grinder (D:3)
  Grum (D:8)
  A warg (D:7)
  Menkaure (D:4)
  A hornet zombie (D:7)
  2 phantoms
  2 orc warriors
  7 ogres
  3 wolves (D:7)
  2 centaurs
  2 big kobolds (D:7)
  Blork the orc (D:6)
  3 bullfrogs
  A wyvern skeleton (D:9)
  2 scorpions
  5 killer bees
  3 howler monkeys
  5 orc priests
  A gnoll shaman (D:7)
  A bullfrog skeleton (D:8)
  2 hounds
  2 jellies
  6 orc wizards
  An iguana (D:7)
  A worker ant (D:3)
  A hound skeleton (D:7)
  8 gnolls
  7 adders
  2 shadow imps
  A white imp (D:5)
  An ooze (D:6)
  2 dart slugs
  A worm (D:4)
  3 leopard geckos
  36 orcs
  A ball python (D:3)
  3 giant cockroaches
  4 hobgoblins
  14 jackals
  3 quokkas
  8 bats
  4 frilled lizards
  4 goblins
  A jackal skeleton (D:7)
  13 kobolds
  A leopard gecko zombie (D:9)
  7 rats
183 creatures vanquished.

Vanquished Creatures (others)
  A human (D:5)
  A plant (D:8)
2 creatures vanquished.

Grand Total: 185 creatures vanquished

Notes
Turn   | Place    | Note
-------+----------+-------------------------------------------
     0 | D:1      | jackrogers the Ogre Fighter began the quest for the Orb.
     0 | D:1      | Reached XP level 1. HP: 24/24 MP: 1/1
   123 | D:1      | Reached skill level 2 in Maces & Flails
   400 | D:1      | Reached XP level 2. HP: 25/32 MP: 2/2
   889 | D:2      | Reached skill level 3 in Shields
   953 | D:2      | Reached XP level 3. HP: 32/39 MP: 3/3
  1306 | D:2      | Reached skill level 3 in Maces & Flails
  1951 | D:3      | HP: 7/39 [adder (3)]
  1956 | D:3      | HP: 6/39 [worker ant (3)]
  1957 | D:3      | Reached XP level 4. HP: 7/48 MP: 4/4
  1961 | D:3      | HP: 7/48 [poisoned by a worker ant]
  1968 | D:3      | HP: 4/48 [poisoned by a worker ant]
  1974 | D:3      | HP: 3/48 [poisoned by a worker ant]
  1981 | D:3      | HP: 2/48 [poisoned by a worker ant]
  2827 | D:3      | Noticed Grinder
  2829 | D:3      | Paralysed by Grinder for 2 turns
  2843 | D:3      | Paralysed by Grinder for 4 turns
  2854 | D:3      | HP: 11/48 [Grinder (5)]
  2856 | D:3      | Killed Grinder
  2857 | D:3      | Reached skill level 5 in Maces & Flails
  2857 | D:3      | Reached skill level 4 in Shields
  2857 | D:3      | Reached XP level 5. HP: 13/54 MP: 5/5
  2857 | D:3      | Reached XP level 6. HP: 15/62 MP: 6/6
  3346 | D:4      | Found Huawool's General Store.
  3427 | D:4      | Found a staircase to the Ecumenical Temple.
  3447 | Temple   | Entered the Ecumenical Temple
  3497 | Temple   | Became a worshipper of Warmaster Okawaru
  3748 | D:4      | Noticed Menkaure
  3757 | D:4      | Killed Menkaure
  3758 | D:4      | Reached XP level 7. HP: 42/70 MP: 7/7
  3760 | D:4      | Got a translucent long sword
  3761 | D:4      | Identified the +5 long sword of Contention {flame, *Rage
                  | rPois Int+3} (You found it on level 4 of the Dungeon)
  4764 | D:5      | Entered Level 5 of the Dungeon
  4780 | D:5      | HP: 15/70 [orc/+0 flail (6)]
  5164 | D:5      | HP: 9/70 [phantom (10)]
  5170 | D:5      | Reached skill level 6 in Maces & Flails
  5650 | D:5      | Reached skill level 5 in Shields
  5700 | D:5      | Reached * piety under Okawaru
  6219 | D:5      | Reached XP level 8. HP: 54/78 MP: 8/8
  6482 | D:5      | Reached skill level 7 in Maces & Flails
  6677 | D:5      | Found an ancient bone altar of Kikubaaqudgha.
  6947 | D:6      | Noticed a +0 hand axe
  6948 | D:6      | Found a hide-covered altar of Uskayaw.
  6948 | D:6      | Noticed a +0 dagger
  6976 | D:6      | Noticed Blork the orc
  6987 | D:6      | Killed Blork the orc
  7495 | D:6      | Reached skill level 6 in Shields
  7514 | D:6      | Reached skill level 8 in Maces & Flails
  8166 | D:7      | Reached XP level 9. HP: 73/84 MP: 9/9
  8230 | D:7      | Reached ** piety under Okawaru
  8686 | D:7      | Reached skill level 9 in Maces & Flails
  8823 | D:7      | HP: 16/84 [orc warrior/+0 halberd (15)]
  9217 | D:7      | Reached skill level 7 in Shields
  9433 | D:7      | Found a glowing golden altar of the Shining One.
  9916 | D:8      | Noticed Grum
 10110 | D:7      | HP: 20/84 [wolf[Grum] (3)]
 10113 | D:7      | HP: 5/84 [wolf[Grum] (7)]
 10115 | D:7      | HP: 2/84 [wolf[Grum] (2)]
 10471 | D:7      | Reached skill level 10 in Maces & Flails
 10616 | D:8      | Killed Grum
 10688 | D:8      | Found a white marble altar of Elyvilon.
 10719 | D:8      | Noticed Gastronok
 10869 | D:9      | Reached *** piety under Okawaru
 11323 | D:8      | Killed Gastronok
 11323 | D:8      | Reached **** piety under Okawaru
 11323 | D:8      | Reached ***** piety under Okawaru
 11324 | D:8      | Reached skill level 11 in Maces & Flails
 11324 | D:8      | Reached skill level 8 in Shields
 11324 | D:8      | Reached XP level 10. HP: 80/92 MP: 3/10
 11407 | D:8      | Found a staircase to the Lair.
 11407 | D:8      | Noticed Harold
 11634 | D:8      | Reached ****** piety under Okawaru
 12195 | D:8      | HP: 11/92 [warg (16)]
 12197 | D:8      | Mangled by a warg

Illustrated notes

Levels and vault maps discovered:
D:1:      lightli_arrival_flooded_house, layout_loops_ring
D:2:      layout_basic
D:3:      layout_rooms, minmay_misc_feat_tower, uniq_grinder
D:4:      layout_basic, minmay_temple_entry_statues_fountains, serial_shops,
          shop, uniq_menkaure
D:5:      layout_cave_pods, tgw_kikubaaqudgha
D:6:      layout_loops_cross, dancing_weapons_uskayaw, uniq_blork_the_orc
D:7:      layout_loops_ring, basic_altar
D:8:      layout_cave_pods, elyvilon_altar_5, minitemple,
          nzn_hepliaklqana_mist_gate, lemuel_round_altar,
          erik_lair_orcish_takeover, mrwooster_statue_mirror, uniq_gastronok,
          uniq_grum, uniq_harold
D:9:      layout_basic
Temple:   regret_index_temple_sphere_string

Skill      XL: |  1  2  3  4  5  6  7  8  9 |
---------------+----------------------------+-----
Maces & Flails | 2 3 5 6 8 11 | 11.6
Shields        | 3 4 5 6 8 |  8.7
Fighting       | |  4.0
Dodging        | |  2.6

Action                   |  1- 3 |  4- 6 |  7- 9 | 10-12 || total
-------------------------+-------+-------+-------+-------++-------
Melee: Flail             |   131 |   106 |   476 |       ||   713
       Morningstar       |       |       |   101 |   102 ||   203
Throw: Stone             |     3 |    22 |    36 |       ||    61
  Use: Scroll            |     9 |       |     9 |       ||    18
       Potion            |     1 |     2 |     2 |       ||     5
 Stab: Sleeping          |       |       |     1 |       ||     1
Armor: Robe              |    48 |    33 |    30 |    14 ||   125
Dodge: Dodged            |    63 |    49 |   200 |    59 ||   371
Block: Kite shield       |    87 |    38 |   292 |    68 ||   485

Table legend: (Time is in decaauts)
 A = Elapsed time spent in this place.
 B = Non-inter-level travel time spent in this place.
 C = Inter-level travel time spent in this place.
 D = Time resting spent in this place.
 E = Time spent auto-exploring this place.
 F = Levels seen in this place.
 G = Mean time per level.
                   A        B        C        D        E       F      G
               +--------+--------+--------+--------+--------+-----+--------+
         Total |  12311 |  11872 |    439 |   5367 |   4684 |  10 | 1231.1 |
       Dungeon |  12184 |  11763 |    421 |   5367 |   4584 |   9 | 1353.8 |
        Temple |    126 |    108 |     18 |      0 |    100 |   1 |  126.0 |
               +--------+--------+--------+--------+--------+-----+--------+

Top non-repeatable levels by time:
     D:7: 2984 daAuts
     D:5: 2187 daAuts
     D:3: 1566 daAuts
     D:4: 1350 daAuts
     D:6: 1156 daAuts
     D:1: 967 daAuts
     D:2: 838 daAuts
     D:8: 626 daAuts
     D:9: 508 daAuts
  Temple: 126 daAuts

Table legend:
 A = Kills in this place as a percentage of kills in entire the game.
 B = Kills by you in this place as a percentage of kills by you in the entire game.
 C = Kills by friends in this place as a percentage of kills by friends in the entire game.
 D = Other kills in this place as a percentage of other kills in the entire game.
 E = Experience gained in this place as a percentage of experience gained in the entire game.
 F = Experience gained in this place divided by the number of levels of this place that you have seen.
                   A       B       C       D       E      F
               +-------+-------+-------+-------+-------+----------------------
         Total | 100.0 | 100.0 |   N/A |   N/A | 100.0 | 776.4
       Dungeon | 100.0 | 100.0 |   N/A |   N/A | 100.0 | 862.7
               +-------+-------+-------+-------+-------+----------------------
